[ AOE2 MATCH · #476663317 ]
UnrankedPersians vs Cumans
[ REPLAY ANALYSIS · EXTRACTED FROM THE RECORDED GAME ]
Feudal
12:27
Castle
18:47
Imperial
40:49
| APM avg | 15.1 |
| APM peak | 51 |
| eAPM avg | 12.3 |
| Villagers / military | 107 / 73 |
Focus
⚔️ 26.6% · 🌾 73.4%
Knight ×73
Feudal
13:40
Castle
19:42
Imperial
38:31
| APM avg | 22.4 |
| APM peak | 50 |
| eAPM avg | 13.5 |
| Villagers / military | 100 / 202 |
Focus
⚔️ 27.1% · 🌾 72.9%
Scout Cavalry ×116 · Kipchak ×83 · Battering Ram ×3
Feudal
10:58
Castle
17:19
Imperial
31:44
| APM avg | 13.2 |
| APM peak | 49 |
| eAPM avg | 11.3 |
| Villagers / military | 147 / 213 |
Focus
⚔️ 25.1% · 🌾 74.9%
Knight ×172 · War Elephant ×40 · Trade Cart ×12 · Monk ×1
Feudal
12:24
Castle
16:19
Imperial
33:09
| APM avg | 23.4 |
| APM peak | 92 |
| eAPM avg | 19.3 |
| Villagers / military | 128 / 221 |
Focus
⚔️ 39.5% · 🌾 60.5%
Spearman ×121 · Steppe Lancer ×49 · Militia ×25 · Petard ×9 · Mangonel ×8 · Battering Ram ×6
Feudal
15:01
Castle
21:51
Imperial
30:09
| APM avg | 17.7 |
| APM peak | 67 |
| eAPM avg | 14.5 |
| Villagers / military | 132 / 185 |
Focus
⚔️ 46.0% · 🌾 54.0%
Spearman ×107 · Skirmisher ×61 · Bombard Cannon ×14 · Mangonel ×2 · Monk ×1
Feudal
9:58
Castle
17:42
Imperial
34:46
| APM avg | 36.3 |
| APM peak | 76 |
| eAPM avg | 22.9 |
| Villagers / military | 129 / 143 |
Focus
⚔️ 34.1% · 🌾 65.9%
Spearman ×55 · Militia ×47 · Scorpion ×32 · Trebuchet (Packed) ×9 · Trade Cart ×6
Feudal
12:00
Castle
16:45
Imperial
32:06
| APM avg | 23.2 |
| APM peak | 85 |
| eAPM avg | 17.8 |
| Villagers / military | 137 / 146 |
Focus
⚔️ 29.1% · 🌾 70.9%
Ballista Elephant ×83 · Knight ×39 · Scout Cavalry ×23 · Trade Cart ×21 · Monk ×1
Feudal
11:47
Castle
23:38
Imperial
48:29
| APM avg | 22.4 |
| APM peak | 65 |
| eAPM avg | 12.3 |
| Villagers / military | 78 / 23 |
Focus
⚔️ 23.8% · 🌾 76.2%
Skirmisher ×12 · Archer ×9 · Monk ×1 · Spearman ×1
Match map
Initial resources + every placement click. Lines = walls · curves = elevation contours. ◆ gold · ⬟ stone · ● berries · ✦ relic · ◌ wall gap
Your base· ✓ Closed at 18:47 · 12t walls · no gate
Sniper_Wolf's base· ✓ Closed at 19:42 · 5t walls · 1 gate(s) · fragile
Rezero's base· ✓ Closed at 17:19 · 0t walls · no gate
ing.alexander02's base· ✓ Closed at 16:19 · 2t walls · 1 gate(s) · fragile
Popolizio Reload's base· ✓ Closed at 21:51 · 44t walls · 1 gate(s)
MatRm10's base· ✓ Closed at 17:42 · 0t walls · fragile
LeoCareta's base· ✓ Closed at 16:45 · 31t walls · fragile
Nahat's base· ✓ Closed at 23:38 · 31t walls · 2 gate(s)
Smoothed initial terrain · ◌ = detected wall gap · hover for details
Inputs per minute
— vnajar_14 - - Sniper_Wolf
Build order — vnajar_14
First 150 of 313 actions detected
| 0:05 | Build | House |
| 0:07 | Build | House |
| 0:11 | Build | House |
| 0:12 | Create | Villager (Male) |
| 0:12 | Create | Villager (Male) |
| 0:12 | Create | Villager (Male) |
| 0:13 | Create | Villager (Male) |
| 0:13 | Create | Villager (Male) |
| 0:13 | Create | Villager (Male) |
| 0:59 | Research | Loom |
| 1:00 | Create | Villager (Male) |
| 1:00 | Create | Villager (Male) |
| 1:00 | Create | Villager (Male) |
| 1:00 | Create | Villager (Male) |
| 1:57 | Create | Villager (Male) |
| 1:57 | Create | Villager (Male) |
| 2:44 | Create | Villager (Male) |
| 3:32 | Create | Villager (Male) |
| 3:32 | Create | Villager (Male) |
| 3:33 | Create | Villager (Male) |
| 3:52 | Build | Palisade Wall |
| 4:11 | Create | Villager (Male) |
| 4:11 | Create | Villager (Male) |
| 4:38 | Create | Villager (Male) |
| 4:38 | Create | Villager (Male) |
| 5:13 | Create | Villager (Male) |
| 5:14 | Create | Villager (Male) |
| 5:18 | Create | Villager (Male) |
| 5:19 | Create | Villager (Male) |
| 5:51 | Create | Villager (Male) |
| 5:52 | Create | Villager (Male) |
| 5:52 | Create | Villager (Male) |
| 5:55 | Build | Mill |
| 6:06 | Build | House |
| 6:08 | Build | House |
| 6:09 | Build | House |
| 6:12 | Build | House |
| 6:27 | Create | Villager (Male) |
| 6:28 | Create | Villager (Male) |
| 6:35 | Build | Lumber Camp |
| 7:21 | Build | Lumber Camp |
| 7:27 | Create | Villager (Male) |
| 7:33 | Create | Villager (Male) |
| 7:34 | Create | Villager (Male) |
| 7:34 | Create | Villager (Male) |
| 8:20 | Create | Villager (Male) |
| 9:17 | Create | Villager (Male) |
| 9:17 | Create | Villager (Male) |
| 9:49 | Build | Mining Camp |
| 10:24 | Research | Feudal Age |
| 11:07 | Build | Mill |
| 11:49 | Build | Mill |
| 11:58 | Build | Mill |
| 12:27 | Age | Feudal Age |
| 12:46 | Create | Villager (Male) |
| 12:49 | Create | Villager (Male) |
| 12:51 | Create | Villager (Male) |
| 13:55 | Build | Market |
| 14:02 | Build | Blacksmith |
| 14:15 | Create | Villager (Male) |
| 15:30 | Create | Villager (Male) |
| 15:40 | Build | Farm |
| 15:41 | Build | Farm |
| 15:44 | Build | Farm |
| 15:45 | Build | Farm |
| 15:46 | Build | Farm |
| 15:47 | Build | Farm |
| 15:55 | Build | Farm |
| 15:59 | Create | Villager (Male) |
| 16:16 | Research | Castle Age |
| 16:36 | Build | Farm |
| 16:37 | Build | Farm |
| 16:39 | Build | Farm |
| 16:40 | Build | Farm |
| 16:40 | Build | Farm |
| 16:41 | Build | Farm |
| 16:44 | Build | Farm |
| 16:48 | Build | Farm |
| 16:57 | Research | Double-Bit Axe |
| 17:12 | Research | Horse Collar |
| 18:47 | Age | Castle Age |
| 18:53 | Build | Town Center |
| 19:03 | Research | Wheelbarrow |
| 19:25 | Build | Stone Wall |
| 20:17 | Create | Villager (Male) |
| 20:17 | Create | Villager (Male) |
| 20:18 | Create | Villager (Male) |
| 20:18 | Create | Villager (Male) |
| 20:52 | Create | Villager (Male) |
| 20:53 | Create | Villager (Male) |
| 20:56 | Research | Bow Saw |
| 21:12 | Research | Heavy Plow |
| 21:22 | Create | Villager (Male) |
| 21:22 | Create | Villager (Male) |
| 21:54 | Build | Town Center |
| 22:05 | Create | Villager (Male) |
| 22:06 | Create | Villager (Male) |
| 22:10 | Create | Villager (Male) |
| 22:10 | Create | Villager (Male) |
| 22:27 | Create | Villager (Male) |
| 22:27 | Create | Villager (Male) |
| 22:37 | Build | House |
| 22:39 | Build | House |
| 22:42 | Build | House |
| 22:47 | Build | House |
| 22:51 | Build | House |
| 22:53 | Build | House |
| 22:55 | Build | House |
| 22:56 | Build | House |
| 23:39 | Build | Barracks |
| 23:45 | Create | Villager (Male) |
| 23:45 | Create | Villager (Male) |
| 23:46 | Create | Villager (Male) |
| 23:47 | Create | Villager (Male) |
| 23:47 | Create | Villager (Male) |
| 24:11 | Build | Stable |
| 24:16 | Build | Stable |
| 24:17 | Build | Stable |
| 24:26 | Build | Stable |
| 25:04 | Research | Forging |
| 25:04 | Research | Scale Barding Armor |
| 25:10 | Research | Bloodlines |
| 25:30 | Create | Knight |
| 25:31 | Create | Knight |
| 25:31 | Create | Knight |
| 25:32 | Create | Knight |
| 25:33 | Create | Knight |
| 25:33 | Create | Knight |
| 25:35 | Create | Knight |
| 25:48 | Create | Knight |
| 25:48 | Create | Knight |
| 25:49 | Create | Knight |
| 26:12 | Create | Knight |
| 26:12 | Create | Knight |
| 26:19 | Build | Farm |
| 26:19 | Build | Farm |
| 26:20 | Build | Farm |
| 26:20 | Build | Farm |
| 26:20 | Build | Farm |
| 26:20 | Build | Farm |
| 26:21 | Build | Farm |
| 26:25 | Build | Farm |
| 26:38 | Create | Knight |
| 26:38 | Create | Knight |
| 26:39 | Create | Knight |
| 27:00 | Create | Knight |
| 27:00 | Create | Knight |
| 27:08 | Create | Knight |
| 27:08 | Create | Knight |
| 27:24 | Build | Castle |
Build order — Sniper_Wolf
First 150 of 310 actions detected
| 0:02 | Create | Villager (Male) |
| 0:02 | Create | Villager (Male) |
| 0:03 | Create | Villager (Male) |
| 0:03 | Create | Villager (Male) |
| 0:14 | Build | House |
| 0:16 | Build | House |
| 1:50 | Create | Villager (Male) |
| 2:16 | Create | Villager (Male) |
| 2:16 | Create | Villager (Male) |
| 2:26 | Create | Villager (Male) |
| 3:20 | Build | Lumber Camp |
| 3:31 | Create | Villager (Male) |
| 3:31 | Create | Villager (Male) |
| 4:00 | Build | House |
| 4:02 | Build | House |
| 4:19 | Research | Loom |
| 4:45 | Create | Villager (Male) |
| 4:45 | Create | Villager (Male) |
| 4:46 | Create | Villager (Male) |
| 5:01 | Build | Mill |
| 5:12 | Create | Villager (Male) |
| 5:33 | Build | House |
| 6:07 | Create | Villager (Male) |
| 6:08 | Create | Villager (Male) |
| 6:16 | Build | House |
| 6:32 | Create | Villager (Male) |
| 7:09 | Build | Palisade Gate |
| 7:13 | Build | Palisade Wall |
| 7:30 | Create | Villager (Male) |
| 7:30 | Create | Villager (Male) |
| 7:48 | Create | Villager (Male) |
| 8:25 | Build | Mining Camp |
| 8:50 | Create | Villager (Male) |
| 9:25 | Create | Villager (Male) |
| 9:25 | Create | Villager (Male) |
| 9:25 | Create | Villager (Male) |
| 10:19 | Create | Villager (Male) |
| 10:20 | Create | Villager (Male) |
| 10:45 | Research | Feudal Age |
| 11:32 | Build | Farm |
| 11:36 | Build | Farm |
| 11:58 | Build | Farm |
| 12:34 | Build | Barracks |
| 12:50 | Build | Farm |
| 12:56 | Build | Farm |
| 13:40 | Age | Feudal Age |
| 13:53 | Build | Blacksmith |
| 14:14 | Create | Villager (Male) |
| 14:14 | Create | Villager (Male) |
| 14:15 | Create | Villager (Male) |
| 14:18 | Research | Double-Bit Axe |
| 14:21 | Research | Horse Collar |
| 14:24 | Research | Gold Mining |
| 14:54 | Build | Siege Workshop |
| 15:15 | Build | Farm |
| 15:21 | Build | Farm |
| 15:22 | Create | Villager (Male) |
| 15:37 | Build | Farm |
| 15:56 | Create | Battering Ram |
| 16:12 | Create | Villager (Male) |
| 16:14 | Create | Villager (Male) |
| 16:29 | Create | Battering Ram |
| 16:55 | Research | Castle Age |
| 17:08 | Build | Stable |
| 17:13 | Build | Farm |
| 17:19 | Build | Farm |
| 17:21 | Build | Farm |
| 17:33 | Build | Farm |
| 17:40 | Build | Farm |
| 17:54 | Research | Scale Barding Armor |
| 18:02 | Create | Scout Cavalry |
| 18:09 | Build | House |
| 18:10 | Build | House |
| 18:11 | Build | House |
| 18:12 | Build | House |
| 18:23 | Research | Bloodlines |
| 18:47 | Create | Battering Ram |
| 18:58 | Build | Farm |
| 19:32 | Create | Scout Cavalry |
| 19:32 | Create | Scout Cavalry |
| 19:33 | Create | Scout Cavalry |
| 19:42 | Age | Castle Age |
| 19:53 | Create | Scout Cavalry |
| 19:54 | Create | Scout Cavalry |
| 19:58 | Build | Farm |
| 19:59 | Build | Farm |
| 19:59 | Build | Farm |
| 20:01 | Create | Villager (Male) |
| 20:22 | Create | Villager (Male) |
| 21:19 | Create | Villager (Male) |
| 21:19 | Create | Villager (Male) |
| 21:19 | Create | Villager (Male) |
| 21:20 | Create | Villager (Male) |
| 21:20 | Create | Villager (Male) |
| 21:23 | Build | Town Center |
| 21:26 | Research | Bow Saw |
| 22:14 | Research | Light Cavalry (upgrade) |
| 23:37 | Create | Villager (Male) |
| 23:38 | Create | Villager (Male) |
| 23:38 | Create | Villager (Male) |
| 23:38 | Create | Villager (Male) |
| 23:39 | Create | Villager (Male) |
| 23:39 | Create | Villager (Male) |
| 23:39 | Create | Villager (Male) |
| 23:39 | Create | Villager (Male) |
| 23:40 | Create | Villager (Male) |
| 23:40 | Create | Villager (Male) |
| 23:40 | Create | Villager (Male) |
| 23:48 | Build | Farm |
| 23:48 | Build | Farm |
| 23:49 | Build | Farm |
| 23:50 | Build | Farm |
| 23:50 | Build | Farm |
| 23:51 | Build | Farm |
| 23:51 | Build | Farm |
| 24:00 | Build | Mining Camp |
| 24:16 | Build | Farm |
| 24:17 | Create | Villager (Male) |
| 25:12 | Build | House |
| 25:14 | Build | House |
| 25:15 | Build | House |
| 25:16 | Build | House |
| 25:16 | Build | House |
| 25:17 | Build | House |
| 25:18 | Build | House |
| 25:19 | Build | House |
| 25:19 | Build | House |
| 25:27 | Create | Scout Cavalry |
| 25:28 | Create | Scout Cavalry |
| 25:28 | Create | Scout Cavalry |
| 25:28 | Create | Scout Cavalry |
| 25:33 | Create | Villager (Male) |
| 25:33 | Create | Villager (Male) |
| 25:34 | Create | Villager (Male) |
| 25:34 | Create | Villager (Male) |
| 25:34 | Create | Villager (Male) |
| 25:35 | Create | Villager (Male) |
| 25:42 | Build | Farm |
| 25:46 | Build | Farm |
| 25:51 | Build | Farm |
| 26:49 | Create | Villager (Male) |
| 26:50 | Create | Villager (Male) |
| 26:50 | Create | Villager (Male) |
| 26:51 | Create | Villager (Male) |
| 26:52 | Research | Town Watch |
| 26:53 | Research | Wheelbarrow |
| 27:20 | Create | Scout Cavalry ×5 |
| 27:28 | Create | Villager (Male) |
| 27:29 | Create | Villager (Male) |
| 27:29 | Create | Villager (Male) |
Build order — Rezero
First 150 of 288 actions detected
| 0:00 | Create | Villager (Male) |
| 0:04 | Build | House |
| 0:06 | Build | House |
| 0:08 | Create | Villager (Male) |
| 0:09 | Create | Villager (Male) |
| 0:09 | Create | Villager (Male) |
| 0:09 | Create | Villager (Male) |
| 0:10 | Create | Villager (Male) |
| 0:54 | Research | Loom |
| 1:43 | Build | Lumber Camp |
| 1:56 | Create | Villager (Male) |
| 1:56 | Create | Villager (Male) |
| 2:33 | Create | Villager (Male) |
| 2:33 | Create | Villager (Male) |
| 2:33 | Create | Villager (Male) |
| 2:52 | Build | House |
| 3:28 | Create | Villager (Male) |
| 3:28 | Create | Villager (Male) |
| 3:28 | Create | Villager (Male) |
| 3:59 | Create | Villager (Male) |
| 4:00 | Create | Villager (Male) |
| 4:26 | Build | House |
| 4:37 | Create | Villager (Male) |
| 4:37 | Create | Villager (Male) |
| 4:37 | Create | Villager (Male) |
| 4:38 | Create | Villager (Male) |
| 5:54 | Create | Villager (Male) |
| 6:05 | Build | House |
| 6:10 | Create | Villager (Male) |
| 6:44 | Create | Villager (Male) |
| 6:58 | Create | Villager (Male) |
| 7:25 | Build | Mining Camp |
| 7:48 | Create | Villager (Male) |
| 8:00 | Build | Mill |
| 8:30 | Create | Villager (Male) |
| 8:46 | Research | Feudal Age |
| 9:47 | Create | Villager (Male) |
| 9:47 | Create | Villager (Male) |
| 10:26 | Create | Villager (Male) |
| 10:58 | Age | Feudal Age |
| 11:20 | Build | Market |
| 11:26 | Build | Blacksmith |
| 11:50 | Create | Villager (Male) |
| 12:22 | Create | Villager (Male) |
| 12:30 | Build | Farm |
| 12:32 | Build | Farm |
| 12:33 | Build | Farm |
| 12:50 | Create | Villager (Male) |
| 12:55 | Build | Farm |
| 12:56 | Build | Farm |
| 12:57 | Build | Farm |
| 12:59 | Build | Farm |
| 13:00 | Build | Farm |
| 13:15 | Create | Villager (Male) |
| 13:22 | Research | Wheelbarrow |
| 13:26 | Build | House |
| 13:28 | Build | House |
| 13:29 | Build | House |
| 13:30 | Build | House |
| 14:28 | Create | Villager (Male) |
| 14:53 | Research | Castle Age |
| 15:09 | Build | Mining Camp |
| 15:17 | Research | Double-Bit Axe |
| 16:02 | Research | Horse Collar |
| 16:04 | Research | Gold Mining |
| 16:52 | Create | Villager (Male) |
| 16:53 | Create | Villager (Male) |
| 17:19 | Age | Castle Age |
| 17:21 | Research | Hand Cart |
| 17:24 | Build | Town Center |
| 17:43 | Build | Town Center |
| 17:54 | Create | Villager (Male) |
| 17:54 | Create | Villager (Male) |
| 18:22 | Build | House |
| 18:23 | Build | House |
| 18:24 | Build | House |
| 18:25 | Build | House |
| 18:26 | Build | House |
| 18:27 | Build | House |
| 18:39 | Create | Villager (Male) ×5 |
| 19:01 | Build | Mining Camp |
| 19:06 | Create | Villager (Male) |
| 19:07 | Create | Villager (Male) |
| 19:14 | Build | Farm |
| 19:17 | Build | Farm |
| 19:26 | Build | Farm |
| 19:28 | Create | Villager (Male) |
| 19:29 | Create | Villager (Male) |
| 19:46 | Build | Farm |
| 20:05 | Build | Farm |
| 20:06 | Build | Farm |
| 20:08 | Build | Farm |
| 20:12 | Create | Villager (Male) |
| 20:12 | Create | Villager (Male) |
| 20:16 | Build | Farm |
| 20:18 | Build | Farm |
| 20:24 | Create | Villager (Male) ×5 |
| 20:44 | Build | Farm |
| 20:48 | Create | Villager (Male) ×3 |
| 21:04 | Build | Farm |
| 21:09 | Build | Farm |
| 21:20 | Create | Villager (Male) ×5 |
| 21:34 | Build | Farm |
| 21:36 | Build | Farm |
| 21:43 | Create | Villager (Male) ×2 |
| 22:00 | Build | Town Center |
| 22:03 | Create | Villager (Male) ×3 |
| 22:17 | Create | Villager (Male) ×3 |
| 22:43 | Create | Villager (Male) ×2 |
| 22:52 | Build | Mill |
| 22:54 | Build | Farm |
| 22:55 | Build | Farm |
| 22:55 | Build | Farm |
| 22:55 | Build | Farm |
| 22:56 | Build | Farm |
| 23:02 | Create | Villager (Male) ×4 |
| 23:15 | Build | House |
| 23:16 | Build | House |
| 23:18 | Build | House |
| 23:19 | Build | House |
| 23:20 | Build | House |
| 23:21 | Build | House |
| 23:22 | Build | House |
| 23:23 | Build | House |
| 23:24 | Build | House |
| 23:27 | Create | Villager (Male) ×3 |
| 23:54 | Build | Stone Wall |
| 23:59 | Create | Villager (Male) ×5 |
| 24:19 | Create | Villager (Male) ×3 |
| 24:45 | Build | Farm |
| 24:52 | Build | Lumber Camp |
| 25:00 | Build | Mill |
| 25:04 | Build | Farm |
| 25:05 | Build | Farm |
| 25:05 | Build | Farm |
| 25:06 | Build | Farm |
| 25:07 | Build | Farm |
| 25:08 | Build | Farm |
| 25:09 | Build | Farm |
| 25:10 | Build | Farm |
| 25:14 | Create | Villager (Male) ×5 |
| 25:20 | Build | Mill |
| 25:21 | Build | Farm |
| 25:22 | Build | Farm |
| 25:23 | Build | Farm |
| 25:24 | Build | Farm |
| 25:49 | Create | Villager (Male) ×5 |
| 25:49 | Create | Villager (Male) ×5 |
| 25:49 | Create | Villager (Male) ×5 |
| 25:49 | Create | Villager (Male) ×5 |
Build order — ing.alexander02
First 150 of 559 actions detected
| 0:01 | Create | Villager (Male) |
| 0:01 | Create | Villager (Male) |
| 0:04 | Build | House |
| 0:17 | Create | Villager (Male) |
| 0:41 | Research | Loom |
| 0:53 | Build | House |
| 1:02 | Build | Palisade Gate |
| 1:03 | Create | Villager (Male) |
| 1:04 | Create | Villager (Male) |
| 1:31 | Build | House |
| 1:42 | Create | Villager (Male) |
| 2:39 | Build | Lumber Camp |
| 2:47 | Create | Villager (Male) |
| 3:03 | Create | Villager (Male) |
| 3:35 | Create | Villager (Male) |
| 3:58 | Create | Villager (Male) |
| 4:47 | Create | Villager (Male) |
| 5:18 | Create | Villager (Male) |
| 5:30 | Create | Villager (Male) |
| 5:49 | Create | Villager (Male) |
| 6:28 | Create | Villager (Male) |
| 6:41 | Create | Villager (Male) |
| 6:49 | Build | Palisade Wall |
| 6:54 | Build | Palisade Wall |
| 6:59 | Build | House |
| 7:08 | Create | Villager (Male) |
| 7:14 | Build | House |
| 7:25 | Create | Villager (Male) |
| 7:40 | Create | Villager (Male) |
| 8:01 | Build | House |
| 8:05 | Create | Villager (Male) |
| 8:08 | Build | Mill |
| 8:34 | Build | House |
| 8:59 | Create | Villager (Male) |
| 9:01 | Create | Villager (Male) |
| 9:37 | Build | Lumber Camp |
| 9:48 | Create | Villager (Male) |
| 9:56 | Research | Feudal Age |
| 10:02 | Build | Mining Camp |
| 11:58 | Create | Villager (Male) |
| 12:24 | Age | Feudal Age |
| 12:27 | Build | Market |
| 12:33 | Build | Blacksmith |
| 12:37 | Create | Villager (Male) |
| 12:58 | Build | Lumber Camp |
| 13:06 | Create | Villager (Male) |
| 13:20 | Build | Mill |
| 13:37 | Research | Castle Age |
| 13:46 | Build | Farm |
| 14:14 | Research | Double-Bit Axe |
| 15:41 | Build | House |
| 15:44 | Build | House |
| 16:19 | Age | Castle Age |
| 16:23 | Create | Villager (Male) |
| 16:27 | Build | Town Center |
| 16:34 | Build | Town Center |
| 16:49 | Create | Villager (Male) |
| 16:53 | Build | Farm |
| 17:07 | Create | Villager (Male) |
| 17:18 | Build | Palisade Gate |
| 17:23 | Create | Villager (Male) |
| 17:25 | Build | Farm |
| 17:37 | Research | Horse Collar |
| 17:40 | Create | Villager (Male) |
| 17:41 | Create | Villager (Male) |
| 17:48 | Build | Farm |
| 17:50 | Create | Villager (Male) |
| 18:01 | Create | Villager (Male) |
| 18:08 | Create | Villager (Male) |
| 18:11 | Build | Farm |
| 18:20 | Create | Villager (Male) |
| 18:31 | Create | Villager (Male) |
| 18:31 | Create | Villager (Male) |
| 18:37 | Build | Farm |
| 18:48 | Build | Farm |
| 18:56 | Build | Farm |
| 18:58 | Create | Villager (Male) |
| 18:58 | Create | Villager (Male) |
| 19:01 | Build | Farm |
| 19:10 | Create | Villager (Male) |
| 19:10 | Create | Villager (Male) |
| 19:16 | Build | Farm |
| 19:19 | Build | Farm |
| 19:22 | Build | Farm |
| 19:24 | Build | Farm |
| 19:29 | Build | Farm |
| 19:36 | Build | Farm |
| 19:42 | Create | Villager (Male) |
| 19:57 | Build | Farm |
| 20:00 | Create | Villager (Male) |
| 20:05 | Build | Farm |
| 20:06 | Create | Villager (Male) |
| 20:07 | Create | Villager (Male) |
| 20:14 | Create | Villager (Male) |
| 20:23 | Build | Farm |
| 20:28 | Create | Villager (Male) |
| 20:31 | Create | Villager (Male) |
| 20:47 | Build | Farm |
| 20:51 | Build | Farm |
| 20:54 | Create | Villager (Male) |
| 20:55 | Create | Villager (Male) |
| 20:57 | Create | Villager (Male) |
| 21:04 | Build | House |
| 21:05 | Build | House |
| 21:06 | Build | House |
| 21:09 | Build | Farm |
| 21:18 | Create | Villager (Male) |
| 21:21 | Create | Villager (Male) |
| 21:29 | Build | Farm |
| 21:40 | Build | Barracks |
| 21:46 | Create | Villager (Male) |
| 21:46 | Create | Villager (Male) |
| 21:47 | Create | Villager (Male) |
| 21:54 | Build | Farm |
| 22:04 | Build | Mining Camp |
| 22:05 | Create | Villager (Male) |
| 22:05 | Create | Villager (Male) |
| 22:09 | Build | Farm |
| 22:11 | Create | Villager (Male) |
| 22:11 | Create | Villager (Male) |
| 22:18 | Create | Villager (Male) |
| 22:21 | Build | Farm |
| 22:31 | Build | Outpost |
| 22:36 | Create | Villager (Male) |
| 22:43 | Build | Farm |
| 22:48 | Build | Farm |
| 22:50 | Create | Villager (Male) |
| 22:53 | Build | Farm |
| 22:58 | Build | Siege Workshop |
| 23:00 | Create | Villager (Male) |
| 23:01 | Create | Villager (Male) |
| 23:01 | Create | Villager (Male) |
| 23:07 | Research | Wheelbarrow |
| 23:10 | Build | Farm |
| 23:26 | Create | Villager (Male) |
| 23:27 | Create | Villager (Male) |
| 23:31 | Research | Gold Mining |
| 23:35 | Build | Farm |
| 23:46 | Build | Siege Workshop |
| 24:02 | Build | House |
| 24:05 | Build | House |
| 24:07 | Build | House |
| 24:09 | Build | House |
| 24:16 | Create | Villager (Male) |
| 24:17 | Create | Villager (Male) |
| 24:17 | Create | Villager (Male) |
| 24:22 | Research | Scale Mail Armor |
| 24:30 | Build | Farm |
| 24:32 | Build | Farm |
| 24:34 | Build | Farm |
Build order — Popolizio Reload
First 150 of 486 actions detected
| 0:05 | Build | House |
| 0:07 | Build | House |
| 0:09 | Create | Villager (Male) |
| 0:10 | Research | Loom |
| 0:10 | Create | Villager (Male) |
| 0:10 | Create | Villager (Male) |
| 0:10 | Create | Villager (Male) |
| 0:10 | Create | Villager (Male) |
| 0:11 | Create | Villager (Male) |
| 1:01 | Build | Palisade Wall |
| 1:34 | Build | Palisade Gate |
| 2:20 | Create | Villager (Male) |
| 2:20 | Create | Villager (Male) |
| 2:51 | Build | Lumber Camp |
| 2:55 | Create | Villager (Male) |
| 2:55 | Create | Villager (Male) |
| 3:06 | Build | Palisade Wall |
| 3:31 | Create | Villager (Male) |
| 3:32 | Create | Villager (Male) |
| 3:32 | Create | Villager (Male) |
| 3:55 | Create | Villager (Male) |
| 4:25 | Create | Villager (Male) |
| 4:25 | Create | Villager (Male) |
| 4:25 | Create | Villager (Male) |
| 5:04 | Create | Villager (Male) |
| 5:14 | Create | Villager (Male) |
| 5:14 | Create | Villager (Male) |
| 5:14 | Create | Villager (Male) |
| 5:19 | Create | Villager (Male) |
| 5:53 | Build | House |
| 6:31 | Create | Villager (Male) |
| 6:34 | Build | House |
| 6:50 | Create | Villager (Male) |
| 7:07 | Create | Villager (Male) |
| 7:39 | Create | Villager (Male) |
| 7:49 | Build | Mining Camp |
| 8:07 | Create | Villager (Male) |
| 8:28 | Create | Villager (Male) |
| 8:50 | Create | Villager (Male) |
| 8:56 | Build | Mill |
| 9:31 | Create | Villager (Male) |
| 9:35 | Build | House |
| 9:44 | Create | Villager (Male) |
| 10:06 | Build | Mill |
| 10:12 | Create | Villager (Male) |
| 10:40 | Build | Lumber Camp |
| 10:45 | Create | Villager (Male) |
| 10:57 | Build | Farm |
| 11:16 | Build | Farm |
| 11:17 | Build | Farm |
| 11:25 | Create | Villager (Male) |
| 11:37 | Build | Farm |
| 11:53 | Create | Villager (Male) |
| 12:21 | Build | House |
| 12:26 | Create | Villager (Male) |
| 12:41 | Research | Feudal Age |
| 12:55 | Build | Farm |
| 13:16 | Create | Villager (Male) |
| 13:16 | Create | Villager (Male) |
| 14:37 | Build | Farm |
| 14:40 | Build | Farm |
| 14:43 | Build | Farm |
| 14:45 | Build | Farm |
| 14:48 | Build | Farm |
| 14:52 | Build | Farm |
| 14:55 | Build | Farm |
| 15:01 | Age | Feudal Age |
| 15:13 | Build | Farm |
| 15:17 | Create | Villager (Male) |
| 15:30 | Build | Stone Wall |
| 15:45 | Build | Stone Wall |
| 15:52 | Build | Stone Wall |
| 15:54 | Build | Stone Wall |
| 15:58 | Create | Villager (Male) |
| 16:02 | Build | Farm |
| 16:03 | Build | Farm |
| 16:06 | Create | Villager (Male) |
| 16:06 | Create | Villager (Male) |
| 16:10 | Build | House |
| 16:39 | Create | Villager (Male) |
| 16:46 | Build | Farm |
| 17:00 | Build | Outpost |
| 17:06 | Build | Outpost |
| 17:09 | Build | Outpost |
| 17:16 | Create | Villager (Male) |
| 17:19 | Build | Blacksmith |
| 17:32 | Build | Market |
| 17:37 | Create | Villager (Male) |
| 17:37 | Create | Villager (Male) |
| 17:41 | Build | House |
| 17:46 | Build | House |
| 17:58 | Research | Horse Collar |
| 18:03 | Research | Double-Bit Axe |
| 18:26 | Build | Farm |
| 18:45 | Build | Mining Camp |
| 18:47 | Create | Villager (Male) |
| 18:47 | Create | Villager (Male) |
| 19:01 | Build | Farm |
| 19:03 | Research | Castle Age |
| 19:15 | Build | Mining Camp |
| 20:16 | Create | Villager (Male) |
| 20:16 | Create | Villager (Male) |
| 21:51 | Age | Castle Age |
| 21:59 | Build | Town Center |
| 22:14 | Build | Town Center |
| 22:24 | Create | Villager (Male) |
| 22:24 | Create | Villager (Male) |
| 22:33 | Build | Monastery |
| 22:48 | Create | Villager (Male) |
| 23:28 | Create | Villager (Male) |
| 23:29 | Create | Villager (Male) |
| 23:56 | Create | Villager (Male) |
| 23:57 | Create | Villager (Male) |
| 24:05 | Build | Farm |
| 24:07 | Build | Farm |
| 24:10 | Build | Farm |
| 24:15 | Build | Farm |
| 24:17 | Create | Villager (Male) |
| 24:17 | Create | Villager (Male) |
| 24:33 | Create | Villager (Male) |
| 24:33 | Create | Villager (Male) |
| 24:42 | Create | Monk |
| 24:49 | Create | Villager (Male) |
| 24:49 | Create | Villager (Male) |
| 25:00 | Create | Villager (Male) |
| 25:11 | Build | Farm |
| 25:16 | Build | Farm |
| 25:19 | Build | Farm |
| 25:21 | Create | Villager (Male) |
| 25:22 | Create | Villager (Male) |
| 25:25 | Build | Farm |
| 25:30 | Create | Villager (Male) |
| 25:44 | Create | Villager (Male) |
| 25:51 | Build | University |
| 25:55 | Research | Bow Saw |
| 25:57 | Create | Villager (Male) |
| 25:57 | Create | Villager (Male) |
| 26:04 | Build | House |
| 26:07 | Build | House |
| 26:11 | Research | Wheelbarrow |
| 26:33 | Build | House |
| 26:36 | Build | House |
| 26:37 | Build | House |
| 26:40 | Build | House |
| 26:42 | Build | House |
| 26:49 | Create | Villager (Male) |
| 26:54 | Research | Fervor |
| 26:59 | Research | Imperial Age |
| 26:59 | Research | Imperial Age |
| 27:05 | Create | Villager (Male) |
Build order — MatRm10
First 150 of 439 actions detected
| 0:03 | Build | House |
| 0:04 | Build | House |
| 0:04 | Create | Villager (Male) |
| 0:05 | Create | Villager (Male) |
| 0:05 | Create | Villager (Male) |
| 0:05 | Create | Villager (Male) |
| 1:45 | Create | Villager (Male) |
| 1:45 | Create | Villager (Male) |
| 1:45 | Create | Villager (Male) |
| 1:48 | Build | Lumber Camp |
| 1:58 | Build | Lumber Camp |
| 2:01 | Create | Villager (Male) |
| 2:18 | Create | Villager (Male) |
| 2:49 | Create | Villager (Male) |
| 3:24 | Create | Villager (Male) |
| 3:25 | Create | Villager (Male) |
| 3:32 | Create | Villager (Male) |
| 3:55 | Build | House |
| 3:56 | Build | House |
| 4:08 | Build | Mill |
| 4:13 | Create | Villager (Male) |
| 4:22 | Build | House |
| 4:41 | Create | Villager (Male) |
| 4:42 | Create | Villager (Male) |
| 5:05 | Create | Villager (Male) |
| 5:06 | Create | Villager (Male) |
| 5:34 | Create | Villager (Male) |
| 5:35 | Create | Villager (Male) |
| 5:48 | Create | Villager (Male) |
| 6:01 | Create | Villager (Male) |
| 6:46 | Create | Villager (Male) |
| 7:23 | Research | Loom |
| 7:46 | Research | Feudal Age |
| 8:39 | Build | Lumber Camp |
| 8:50 | Build | Farm |
| 9:23 | Create | Villager (Male) |
| 9:58 | Age | Feudal Age |
| 9:59 | Build | Mining Camp |
| 10:06 | Research | Double-Bit Axe |
| 10:25 | Build | Blacksmith |
| 10:31 | Create | Villager (Male) |
| 10:37 | Create | Villager (Male) |
| 10:46 | Build | Mill |
| 11:19 | Create | Villager (Male) |
| 11:24 | Build | Farm |
| 11:26 | Build | Farm |
| 11:30 | Build | Farm |
| 11:54 | Create | Villager (Male) |
| 11:57 | Research | Wheelbarrow |
| 12:13 | Build | Farm |
| 12:19 | Build | Farm |
| 12:22 | Create | Villager (Male) |
| 12:52 | Build | Market |
| 12:56 | Build | House |
| 13:18 | Research | Town Watch |
| 13:41 | Create | Villager (Male) |
| 13:55 | Build | Farm |
| 13:56 | Build | Farm |
| 13:59 | Build | Farm |
| 14:00 | Build | Farm |
| 14:07 | Create | Villager (Male) |
| 14:21 | Build | House |
| 14:34 | Create | Villager (Male) |
| 15:02 | Research | Castle Age |
| 15:16 | Build | Farm |
| 15:19 | Build | Farm |
| 16:03 | Research | Horse Collar |
| 16:32 | Build | Barracks |
| 16:53 | Build | House |
| 17:30 | Create | Villager (Male) |
| 17:42 | Build | Barracks |
| 17:42 | Age | Castle Age |
| 17:44 | Research | Scale Mail Armor |
| 17:48 | Research | Man-at-Arms (upgrade) |
| 17:51 | Research | Squires |
| 17:57 | Build | Barracks |
| 18:05 | Create | Villager (Male) |
| 18:14 | Build | Farm |
| 18:16 | Create | Villager (Male) |
| 18:18 | Research | Forging |
| 18:21 | Create | Militia |
| 18:29 | Create | Militia |
| 18:32 | Research | Long Swordsman (upgrade) |
| 18:35 | Create | Villager (Male) |
| 18:51 | Build | Farm |
| 19:05 | Build | Mining Camp |
| 19:08 | Create | Militia |
| 19:09 | Create | Militia |
| 19:11 | Create | Militia |
| 19:11 | Create | Militia |
| 19:21 | Research | Chain Mail Armor |
| 19:45 | Create | Villager (Male) |
| 19:46 | Create | Villager (Male) |
| 20:02 | Create | Militia |
| 20:02 | Create | Militia |
| 20:02 | Create | Militia |
| 20:21 | Create | Militia |
| 20:23 | Build | Farm |
| 20:25 | Create | Villager (Male) |
| 20:47 | Create | Militia |
| 20:49 | Research | Iron Casting |
| 20:53 | Build | House |
| 21:03 | Create | Villager (Male) |
| 21:06 | Build | House |
| 21:23 | Create | Militia |
| 21:24 | Create | Militia |
| 21:24 | Create | Militia |
| 21:30 | Build | House |
| 21:37 | Build | House |
| 21:43 | Build | House |
| 21:44 | Build | House |
| 21:51 | Create | Militia |
| 21:52 | Create | Militia |
| 22:15 | Create | Villager (Male) |
| 22:22 | Create | Villager (Male) |
| 22:24 | Create | Militia |
| 22:24 | Create | Militia |
| 22:24 | Create | Militia |
| 22:29 | Build | House |
| 22:30 | Build | House |
| 22:34 | Build | House |
| 22:35 | Build | House |
| 22:36 | Build | House |
| 22:37 | Build | House |
| 22:43 | Create | Villager (Male) |
| 22:56 | Create | Militia |
| 22:56 | Create | Militia |
| 22:56 | Create | Militia |
| 23:02 | Build | Farm |
| 23:32 | Create | Villager (Male) |
| 23:46 | Create | Militia |
| 23:46 | Create | Militia |
| 23:46 | Create | Militia |
| 23:48 | Create | Villager (Male) |
| 23:50 | Build | Farm |
| 23:52 | Build | Farm |
| 24:14 | Create | Militia |
| 24:14 | Create | Militia |
| 24:14 | Create | Militia |
| 24:18 | Create | Villager (Male) |
| 24:25 | Research | Stone Mining |
| 24:32 | Create | Villager (Male) |
| 24:34 | Build | Farm |
| 24:38 | Build | Farm |
| 24:40 | Create | Villager (Male) |
| 25:03 | Research | Heavy Plow |
| 25:33 | Create | Villager (Male) |
| 25:40 | Build | Town Center |
| 25:46 | Create | Villager (Male) |
| 25:59 | Create | Militia |
Build order — LeoCareta
First 150 of 519 actions detected
| 0:02 | Create | Villager (Male) |
| 0:02 | Create | Villager (Male) |
| 0:03 | Build | House |
| 0:05 | Build | House |
| 0:17 | Create | Villager (Male) |
| 0:17 | Create | Villager (Male) |
| 1:28 | Create | Villager (Male) |
| 1:56 | Build | Lumber Camp |
| 2:03 | Create | Villager (Male) |
| 2:20 | Create | Villager (Male) |
| 2:39 | Research | Loom |
| 2:49 | Build | House |
| 2:55 | Create | Villager (Male) |
| 3:15 | Create | Villager (Male) |
| 4:06 | Create | Villager (Male) |
| 4:15 | Create | Villager (Male) |
| 4:43 | Build | Mill |
| 4:56 | Create | Villager (Male) |
| 4:56 | Create | Villager (Male) |
| 5:23 | Build | Palisade Wall |
| 5:56 | Create | Villager (Male) |
| 6:19 | Create | Villager (Male) |
| 6:27 | Create | Villager (Male) |
| 7:06 | Create | Villager (Male) |
| 7:18 | Build | House |
| 7:20 | Create | Villager (Male) |
| 7:34 | Build | House |
| 7:51 | Build | Farm |
| 7:56 | Build | Farm |
| 8:03 | Create | Villager (Male) |
| 8:12 | Build | House |
| 8:19 | Build | Farm |
| 8:21 | Create | Villager (Male) |
| 8:42 | Build | Palisade Wall |
| 8:45 | Create | Villager (Male) |
| 9:03 | Research | Feudal Age |
| 9:11 | Build | Mining Camp |
| 9:18 | Create | Villager (Male) |
| 9:50 | Research | Feudal Age |
| 10:17 | Build | Outpost |
| 10:35 | Build | Lumber Camp |
| 10:56 | Build | House |
| 11:09 | Create | Villager (Male) |
| 11:45 | Create | Villager (Male) |
| 12:00 | Age | Feudal Age |
| 12:23 | Build | Stone Wall |
| 12:28 | Create | Villager (Male) |
| 12:32 | Build | Farm |
| 13:05 | Create | Villager (Male) |
| 13:08 | Build | Farm |
| 13:26 | Build | Outpost |
| 13:29 | Create | Villager (Male) |
| 13:36 | Build | Mining Camp |
| 13:47 | Create | Villager (Male) |
| 13:54 | Research | Castle Age |
| 13:57 | Build | Farm |
| 14:37 | Build | Stone Wall |
| 14:46 | Research | Double-Bit Axe |
| 14:48 | Research | Horse Collar |
| 14:54 | Build | Farm |
| 15:36 | Research | Stone Mining |
| 16:05 | Build | Farm |
| 16:08 | Build | Farm |
| 16:13 | Build | Farm |
| 16:45 | Age | Castle Age |
| 16:53 | Create | Villager (Male) |
| 16:57 | Build | Town Center |
| 17:23 | Create | Villager (Male) |
| 17:24 | Create | Villager (Male) |
| 17:36 | Build | Stone Wall |
| 17:48 | Build | Town Center |
| 18:06 | Create | Villager (Male) |
| 18:23 | Create | Villager (Male) |
| 18:24 | Create | Villager (Male) |
| 18:26 | Build | Farm |
| 18:30 | Create | Villager (Male) |
| 18:30 | Create | Villager (Male) |
| 18:34 | Build | Farm |
| 18:37 | Build | Farm |
| 18:43 | Create | Villager (Male) |
| 18:43 | Create | Villager (Male) |
| 18:47 | Build | Farm |
| 19:03 | Build | House |
| 19:04 | Build | House |
| 19:06 | Build | House |
| 19:08 | Build | House |
| 19:09 | Build | House |
| 19:20 | Build | Stone Wall |
| 19:26 | Create | Villager (Male) |
| 19:27 | Create | Villager (Male) |
| 19:30 | Create | Villager (Male) |
| 19:35 | Create | Villager (Male) |
| 19:44 | Build | Lumber Camp |
| 19:51 | Build | Farm |
| 19:53 | Build | Farm |
| 19:55 | Create | Villager (Male) |
| 19:57 | Create | Villager (Male) |
| 19:59 | Build | Farm |
| 20:03 | Create | Villager (Male) |
| 20:06 | Build | Farm |
| 20:16 | Create | Villager (Male) |
| 20:19 | Create | Villager (Male) |
| 20:31 | Build | House |
| 20:32 | Build | House |
| 20:36 | Create | Villager (Male) |
| 20:38 | Create | Villager (Male) |
| 20:51 | Build | Monastery |
| 20:57 | Build | Farm |
| 21:05 | Build | Farm |
| 21:08 | Create | Villager (Male) |
| 21:11 | Create | Villager (Male) |
| 21:11 | Create | Villager (Male) |
| 21:13 | Build | Farm |
| 21:17 | Build | Farm |
| 21:25 | Create | Villager (Male) |
| 21:26 | Create | Villager (Male) |
| 21:27 | Create | Villager (Male) |
| 21:28 | Create | Villager (Male) |
| 21:28 | Create | Villager (Male) |
| 21:45 | Build | Stone Wall |
| 21:52 | Build | Farm |
| 21:54 | Create | Monk |
| 22:01 | Create | Villager (Male) |
| 22:02 | Create | Villager (Male) |
| 22:03 | Create | Villager (Male) |
| 22:04 | Create | Villager (Male) |
| 22:13 | Build | Farm |
| 22:15 | Build | Farm |
| 22:22 | Build | Farm |
| 22:25 | Build | Farm |
| 22:30 | Build | Farm |
| 22:37 | Build | Farm |
| 22:38 | Create | Villager (Male) |
| 22:40 | Research | Wheelbarrow |
| 22:41 | Create | Villager (Male) |
| 22:48 | Create | Villager (Male) |
| 22:51 | Build | House |
| 22:52 | Build | House |
| 23:12 | Create | Villager (Male) |
| 23:13 | Create | Villager (Male) |
| 23:14 | Create | Villager (Male) |
| 23:14 | Create | Villager (Male) |
| 23:14 | Create | Villager (Male) |
| 23:17 | Build | Farm |
| 23:24 | Build | Farm |
| 23:27 | Build | Farm |
| 23:30 | Build | Farm |
| 23:31 | Build | Farm |
| 23:34 | Create | Villager (Male) |
| 23:35 | Create | Villager (Male) |
Build order — Nahat
First 150 of 225 actions detected
| 0:02 | Research | Loom |
| 0:36 | Create | Villager (Male) |
| 0:36 | Create | Villager (Male) |
| 0:47 | Build | House |
| 1:26 | Create | Villager (Male) |
| 1:48 | Build | House |
| 2:19 | Build | House |
| 2:50 | Create | Villager (Male) |
| 2:50 | Create | Villager (Male) |
| 3:26 | Build | House |
| 3:44 | Create | Villager (Male) |
| 4:05 | Create | Villager (Male) |
| 4:16 | Build | House |
| 4:50 | Build | Palisade Wall |
| 4:59 | Create | Villager (Male) |
| 4:59 | Create | Villager (Male) |
| 4:59 | Create | Villager (Male) |
| 5:48 | Create | Villager (Male) |
| 6:29 | Build | Lumber Camp |
| 6:33 | Create | Villager (Male) |
| 7:31 | Create | Villager (Male) |
| 7:57 | Create | Villager (Male) |
| 8:22 | Create | Villager (Male) |
| 8:30 | Build | Mill |
| 8:31 | Create | Villager (Male) |
| 8:54 | Create | Villager (Male) |
| 9:01 | Build | House |
| 9:21 | Build | House |
| 9:25 | Build | House |
| 9:36 | Research | Feudal Age |
| 10:08 | Build | Palisade Gate |
| 10:49 | Build | Barracks |
| 11:35 | Build | Mill |
| 11:47 | Age | Feudal Age |
| 11:47 | Build | Mill |
| 11:52 | Create | Villager (Male) |
| 12:02 | Build | Watch Tower |
| 12:05 | Create | Villager (Male) |
| 12:13 | Research | Double-Bit Axe |
| 12:28 | Create | Villager (Male) |
| 12:45 | Create | Villager (Male) |
| 13:23 | Create | Villager (Male) |
| 13:34 | Build | Mining Camp |
| 13:37 | Create | Villager (Male) |
| 13:49 | Build | Stone Wall |
| 14:04 | Create | Spearman |
| 14:14 | Build | Stone Wall |
| 14:21 | Create | Villager (Male) |
| 14:45 | Build | Stone Wall |
| 14:46 | Build | Stone Wall |
| 14:47 | Build | Stone Wall |
| 14:48 | Build | Stone Wall |
| 15:09 | Research | Horse Collar |
| 15:10 | Create | Villager (Male) |
| 15:10 | Create | Villager (Male) |
| 15:30 | Research | Arson |
| 16:04 | Build | Archery Range |
| 16:14 | Create | Villager (Male) |
| 16:37 | Create | Villager (Male) |
| 16:53 | Build | Blacksmith |
| 16:57 | Create | Villager (Male) |
| 17:02 | Create | Archer |
| 17:02 | Create | Archer |
| 17:06 | Create | Villager (Male) |
| 17:36 | Create | Archer |
| 17:38 | Research | Fletching |
| 17:39 | Research | Padded Archer Armor |
| 17:47 | Build | Archery Range |
| 17:54 | Create | Villager (Male) |
| 17:58 | Build | Farm |
| 17:59 | Build | Farm |
| 18:01 | Build | Farm |
| 18:19 | Build | Gate |
| 18:24 | Build | Stone Wall |
| 18:25 | Build | Stone Wall |
| 18:26 | Build | Stone Wall |
| 18:27 | Build | Stone Wall |
| 18:28 | Build | Stone Wall |
| 18:31 | Build | Stone Wall |
| 19:08 | Build | Farm |
| 19:10 | Build | Farm |
| 19:15 | Build | Farm |
| 19:42 | Create | Archer |
| 19:42 | Create | Archer |
| 20:13 | Create | Villager (Male) |
| 20:25 | Create | Archer |
| 20:25 | Create | Archer |
| 20:36 | Build | Stone Wall |
| 20:38 | Build | Stone Wall |
| 20:51 | Build | Mining Camp |
| 20:53 | Build | House |
| 20:58 | Research | Castle Age |
| 21:26 | Build | House |
| 22:10 | Create | Archer |
| 22:11 | Create | Archer |
| 22:19 | Build | Farm |
| 22:19 | Build | Farm |
| 22:19 | Build | Farm |
| 22:20 | Build | Farm |
| 23:38 | Age | Castle Age |
| 25:54 | Build | Town Center |
| 27:22 | Build | House |
| 27:33 | Build | Farm |
| 27:36 | Build | Farm |
| 27:37 | Build | Farm |
| 27:39 | Build | Farm |
| 27:41 | Build | Farm |
| 28:11 | Create | Villager (Male) |
| 28:11 | Create | Villager (Male) |
| 28:12 | Create | Villager (Male) |
| 28:12 | Create | Villager (Male) |
| 28:47 | Create | Villager (Male) |
| 29:05 | Build | House |
| 30:03 | Build | Market |
| 30:06 | Create | Villager (Male) |
| 30:16 | Create | Villager (Male) |
| 30:46 | Build | Mill |
| 30:55 | Build | Monastery |
| 31:03 | Create | Villager (Male) |
| 32:01 | Build | Town Center |
| 32:10 | Create | Monk |
| 32:21 | Create | Villager (Male) |
| 32:22 | Create | Villager (Male) |
| 32:36 | Create | Villager (Male) |
| 33:01 | Build | House |
| 33:02 | Build | House |
| 33:53 | Create | Villager (Male) |
| 33:53 | Create | Villager (Male) |
| 34:16 | Create | Villager (Male) |
| 34:17 | Create | Villager (Male) |
| 34:21 | Build | House |
| 34:48 | Create | Villager (Male) |
| 34:49 | Create | Villager (Male) |
| 35:03 | Build | Archery Range |
| 35:13 | Create | Villager (Male) |
| 35:18 | Research | Fervor |
| 35:34 | Create | Villager (Male) |
| 35:34 | Create | Villager (Male) |
| 36:02 | Build | Archery Range |
| 36:15 | Build | Blacksmith |
| 36:18 | Create | Villager (Male) |
| 36:23 | Build | Lumber Camp |
| 36:50 | Build | Farm |
| 37:22 | Research | Wheelbarrow |
| 37:30 | Create | Villager (Male) |
| 37:43 | Research | Heavy Plow |
| 38:05 | Build | Mining Camp |
| 38:12 | Create | Villager (Male) |
| 38:12 | Create | Villager (Male) |
| 38:29 | Build | Mill |
Match timeline
| 1:01 | Popolizio Reload · wall_segment Palisade Wall x10 |
| 3:06 | Popolizio Reload · wall_segment Palisade Wall x12 |
| 3:52 | vnajar_14 · wall_segment Palisade Wall x12 |
| 4:50 | Nahat · wall_segment Palisade Wall x7 |
| 5:23 | LeoCareta · wall_segment Palisade Wall x10 |
| 6:49 | ing.alexander02 · wall_segment Palisade Wall x1 |
| 6:54 | ing.alexander02 · wall_segment Palisade Wall x1 |
| 7:13 | Sniper_Wolf · wall_segment Palisade Wall x5 |
| 8:42 | LeoCareta · wall_segment Palisade Wall x5 |
| 9:58 | MatRm10 · age_up feudal |
| 10:49 | Nahat · first_building Barracks |
| 10:58 | Rezero · age_up feudal |
| 11:47 | Nahat · age_up feudal |
| 12:00 | LeoCareta · age_up feudal |
| 12:23 | LeoCareta · wall_segment Stone Wall x8 |
| 12:24 | ing.alexander02 · age_up feudal |
| 12:27 | vnajar_14 · age_up feudal |
| 12:34 | Sniper_Wolf · first_building Barracks |
| 13:40 | Sniper_Wolf · age_up feudal |
| 13:49 | Nahat · wall_segment Stone Wall x1 |
| 13:52 | Rezero · first_market_buy 100 food |
| 14:14 | Nahat · wall_segment Stone Wall x1 |
| 14:37 | LeoCareta · wall_segment Stone Wall x8 |
| 14:45 | Nahat · wall_segment Stone Wall x1 |
| 14:46 | Nahat · wall_segment Stone Wall x1 |
| 14:47 | Nahat · wall_segment Stone Wall x1 |
| 14:48 | Nahat · wall_segment Stone Wall x6 |
| 14:54 | Sniper_Wolf · first_building Siege Workshop |
| 15:01 | Popolizio Reload · age_up feudal |
| 15:30 | Popolizio Reload · wall_segment Stone Wall x9 |
| 15:45 | Popolizio Reload · wall_segment Stone Wall x12 |
| 15:52 | Popolizio Reload · wall_segment Stone Wall x1 |
| 15:54 | Popolizio Reload · wall_segment Stone Wall x1 |
| 16:04 | Nahat · first_building Archery Range |
| 16:19 | ing.alexander02 · age_up castle |
| 16:32 | MatRm10 · first_building Barracks |
| 16:45 | LeoCareta · age_up castle |
| 17:08 | Sniper_Wolf · first_building Stable |
| 17:19 | Rezero · age_up castle |
| 17:36 | LeoCareta · wall_segment Stone Wall x10 |
| 17:42 | MatRm10 · age_up castle |
| 18:24 | Nahat · wall_segment Stone Wall x1 |
| 18:25 | Nahat · wall_segment Stone Wall x1 |
| 18:26 | Nahat · wall_segment Stone Wall x1 |
| 18:27 | Nahat · wall_segment Stone Wall x1 |
| 18:28 | Nahat · wall_segment Stone Wall x1 |
| 18:31 | Nahat · wall_segment Stone Wall x1 |
| 18:47 | vnajar_14 · age_up castle |
| 19:20 | LeoCareta · wall_segment Stone Wall x10 |
| 19:25 | vnajar_14 · wall_segment Stone Wall x12 |
| 19:42 | Sniper_Wolf · age_up castle |
| 20:36 | Nahat · wall_segment Stone Wall x4 |
| 20:38 | Nahat · wall_segment Stone Wall x5 |
| 20:51 | LeoCareta · first_building Monastery |
| 21:40 | ing.alexander02 · first_building Barracks |
| 21:45 | LeoCareta · wall_segment Stone Wall x9 |
| 21:51 | Popolizio Reload · age_up castle |
| 22:33 | Popolizio Reload · first_building Monastery |
| 22:58 | ing.alexander02 · first_building Siege Workshop |
| 23:38 | Nahat · age_up castle |
| 23:39 | vnajar_14 · first_building Barracks |
| 23:54 | Rezero · wall_segment Stone Wall x15 |
| 24:11 | vnajar_14 · first_building Stable |
| 26:01 | Rezero · first_building Monastery |
| 26:11 | Rezero · wall_segment Stone Wall x7 |
| 27:05 | LeoCareta · first_building Castle |
| 27:15 | ing.alexander02 · first_building Castle |
| 27:24 | vnajar_14 · first_building Castle |
| 27:51 | Rezero · first_building Barracks |
| 28:38 | MatRm10 · first_building Castle |
| 28:42 | LeoCareta · first_building Siege Workshop |
| 29:10 | Rezero · first_building Stable |
| 29:36 | Rezero · first_building Castle |
| 29:41 | Popolizio Reload · wall_segment Stone Wall x10 |
| 30:01 | LeoCareta · first_building Stable |
| 30:09 | Popolizio Reload · age_up imperial |
| 30:55 | Nahat · first_building Monastery |
| 30:57 | Popolizio Reload · wall_segment Stone Wall x10 |
| 31:19 | MatRm10 · first_market_sell 100 food |
| 31:29 | Popolizio Reload · first_building Siege Workshop |
| 31:36 | Popolizio Reload · wall_segment Stone Wall x9 |
| 31:40 | Nahat · first_market_buy 100 stone |
| 31:44 | Rezero · age_up imperial |
| 32:00 | Sniper_Wolf · first_building Monastery |
| 32:00 | Popolizio Reload · wall_segment Stone Wall x10 |
| 32:06 | LeoCareta · age_up imperial |
| 32:28 | Popolizio Reload · wall_segment Stone Wall x9 |
| 32:44 | Sniper_Wolf · first_building Archery Range |
| 33:09 | ing.alexander02 · age_up imperial |
| 33:21 | ing.alexander02 · first_market_sell 100 wood |
| 34:05 | MatRm10 · first_building Siege Workshop |
| 34:43 | Sniper_Wolf · first_building Castle |
| 34:46 | MatRm10 · age_up imperial |
| 34:56 | Popolizio Reload · first_building Barracks |
| 36:02 | ing.alexander02 · first_building Stable |
| 36:15 | Popolizio Reload · first_building Archery Range |
| 37:14 | Nahat · first_market_sell 100 wood |
| 37:35 | ing.alexander02 · first_market_buy 100 food |
| 38:12 | Popolizio Reload · wall_segment Stone Wall x10 |
| 38:31 | Sniper_Wolf · age_up imperial |
| 38:31 | Rezero · first_market_sell 500 wood |
| 38:46 | Popolizio Reload · wall_segment Stone Wall x11 |
| 38:55 | vnajar_14 · wall_segment Stone Wall x6 |
| 40:49 | vnajar_14 · age_up imperial |
| 41:14 | vnajar_14 · first_market_sell 100 wood |
| 41:22 | Popolizio Reload · wall_segment Stone Wall x9 |
| 44:50 | ing.alexander02 · first_building Archery Range |
| 45:23 | MatRm10 · first_market_buy 500 wood |
| 47:41 | Popolizio Reload · wall_segment Stone Wall x4 |
| 47:44 | Popolizio Reload · wall_segment Stone Wall x3 |
| 48:29 | Nahat · age_up imperial |
| 48:34 | vnajar_14 · resign |
| 48:35 | Popolizio Reload · wall_segment Stone Wall x1 |
[ AI ANALYSIS · 1 CREDIT ]
What really happened in this match?
Wolo.gg analyzes every decision: build order, eco, micro, common mistakes by bracket. Personalized analysis on WhatsApp or Discord in 30 seconds.
Civ guide
Persians
Perfil
Jugador #8765331